Unix NetHack Version 3.7.0-90 Work-in-progress - last build Dec 4 2023 15:25:40 (a4ad6ea61a8c493010e15c9251bbb19a34919cb7,branch:master). Game began 2023-12-08 19:09:19, ended 2023-12-19 23:02:48. OhNoNotAgain, neutral female human Valkyrie ----------- : |))(@<....| |..aa......## G l |.........| |.........- -.--.------ ## ### a #### a # -------.---- |..........+ |..........| |..........| |........... ------------ OhNoNotAgain the Fighter St:18 Dx:14 Co:17 In:9 Wi:8 Ch:7 Neutral S:8810 Dlvl:6 $:0 HP:0(74) Pw:24(24) AC:1 Xp:8/2125 T:5907 Burdened Blind Latest messages: The Woodland-elf hits! The Woodland-elf swings his elven broadsword. The Woodland-elf hits! The fiery blade burns the Woodland-elf! You kill the Woodland-elf! You see here an elven broadsword. You have a little trouble lifting M - an elven broadsword. You see here an elven dagger. What do you want to drop? [bcfgikm-pr-xzABDFH-MSY or ?*] ? You drop a +0 chain mail. What do you want to drop? [bcfgikm-pr-uwxzABDFH-MSY or ?*] ? You drop an elven broadsword. What do you want to wear? [i or ?*] i You are now wearing a dwarvish cloak. You see here an elven dagger. You see here an unlocked chest containing 15 items. What do you want to read? [uxJY or ?*] J A cloud of darkness falls upon you. The giant ant bites! The giant ant bites! The giant ant misses! You hear a door open. The giant ant bites! The giant ant bites! The giant ant misses! The giant ant bites! The giant ant bites! The giant ant bites! The giant ant just misses! The giant ant bites! The giant ant bites! The giant ant misses! The giant ant bites! The giant ant bites! The giant ant misses! The giant ant bites! The giant ant bites! The giant ant bites! The giant ant bites! The giant ant misses! The giant ant bites! The giant ant bites! The giant ant bites! The giant ant bites! The giant ant bites! The giant ant bites! You die... Do you want your possessions identified? [ynq] (y) y Do you want to see your attributes? [ynq] (y) y Do you want an account of creatures vanquished? [ynaq] (y) q Inventory: Weapons b - 8 +0 daggers (at the ready) o - the rustproof +2 Fire Brand (weapon in left hand) z - the rustproof +0 Mjollnir (alternate weapon; not wielded) Armor s - an uncursed rusty +0 orcish helm (being worn) r - an uncursed +0 pair of kicking boots (being worn) c - a blessed +3 small shield (being worn) i - an uncursed +0 dwarvish cloak (being worn) K - an uncursed +0 scale mail (being worn) Comestibles S - an uncursed slime mold m - an uncursed food ration f - an uncursed tripe ration F - an uncursed lizard corpse Scrolls Y - an uncursed scroll of amnesia u - a blessed scroll of confuse monster x - a cursed scroll of confuse monster Spellbooks J - an uncursed spellbook of turn undead Potions k - 3 uncursed potions of healing L - an uncursed potion of oil Rings t - an uncursed ring of free action (on right hand) Wands p - a wand of digging (0:7) n - a wand of digging (0:3) D - a wand of magic missile (0:2) g - a wand of striking (0:3) Tools H - an uncursed sack containing 12 items B - an uncursed blindfold A - an uncursed credit card I - a magic marker (0:43) w - an uncursed magic whistle Contents of the sack: 2 uncursed slime molds an uncursed cram ration an uncursed tripe ration 2 uncursed lichen corpses an uncursed scroll of destroy armor named UNC an uncursed scroll of enchant weapon named UNC 2 uncursed scrolls of remove curse an uncursed scroll of taming an uncursed scroll of teleportation named 50 3 uncursed potions of healing an uncursed mirror an uncursed oil lamp OhNoNotAgain the Valkyrie's attributes: Background: You were a Fighter, a level 8 human Valkyrie. You were neutral, on a mission for Odin who was opposed by Tyr (lawful) and Loki (chaotic). You were left-handed. You were in the Dungeons of Doom, on level 6. You entered the dungeon 5907 turns ago. It was nighttime. You had 2125 experience points, 435 more were needed to attain level 9. Your score was 8810 before end-of-game adjustments. Basics: You had 0 out of 74 hit points. You had all 24 energy points (spell power). Your armor class was 1. Your wallet was empty. Autopickup was on for '$' plus thrown. Final Characteristics: Your strength was 18 (peak:18/02, limit:18/100). Your dexterity was 14 (limit:18). Your constitution was 17 (limit:18). Your intelligence was 9 (limit:18). Your wisdom was 8 (limit:18). Your charisma was 7 (limit:18). Final Status: You were temporarily blind. You weren't hungry. You were burdened; movement was slightly slowed. You were wielding a long sword. You had basic skill with long sword. Final Attributes: You were piously aligned. You were fire resistant. Your items were protected from fire. You were cold resistant. You were telepathic. You were stealthy. You were warded. You were fast. You had free action. You are dead. Miscellaneous: You never encountered a bones level. Total elapsed playing time was 2 hours, 48 minutes and 31 seconds. Major events: Turn 1: OhNoNotAgain the neutral human Valkyrie entered the dungeon 605: entered the Gnomish Mines 1109: attained the rank of Skirmisher (level 3) 2606: attained the rank of Fighter (level 6) 2638: reached Mine Town 2774: was bestowed with Mjollnir by Odin 3742: was bestowed with Vorpal Blade by Odin 4178: was bestowed with Fire Brand by Odin 4563: was bestowed with Dragonbane by Odin 5907: killed by a giant ant, while reading a book Vanquished creatures: a small mimic a giant beetle a leprechaun an orc-captain 2 gold golems 2 lizards a jaguar a dwarf leader a blue jelly a dust vortex a plains centaur a Woodland-elf a soldier ant an imp a wood nymph 4 mountain nymphs 17 Mordor orcs 2 rock piercers a rock mole a yellow light 8 gnome leaders 4 gnomish wizards a gray ooze a straw golem a giant ant 2 floating eyes 3 kittens 5 dwarves a kobold leader 2 kobold shamans 3 hill orcs a rothe a rabid rat 2 centipedes a dwarf zombie a werejackal 2 iguanas 10 killer bees 2 coyotes a hobbit 8 manes a hobgoblin 7 giant rats a brown mold 2 red molds 23 gnomes 3 garter snakes 4 geckos 12 jackals a kobold 5 goblins a sewer rat 5 grid bugs 3 bats 8 lichens a kobold zombie 3 newts 182 creatures vanquished. No species were genocided or became extinct. Voluntary challenges: You read items or engraved 6 times. You never engraved Elbereth. You never genocided any monsters. You never polymorphed an object. You never changed form. You used no wishes. Achievements: You entered the Gnomish Mines. You attained the rank of Skirmisher. You attained the rank of Fighter. You entered Minetown. You entered a temple. You entered a shop. The Dungeons of Doom: levels 1 to 6 Level 1: Level 2: A fountain. Stairs down to The Gnomish Mines. Level 3: Level 4: Level 5: A sink. Level 6: <- You were here. Final resting place for you, killed by a giant ant, while reading a book. The Gnomish Mines: levels 3 to 7 Level 3: Level 4: Level 5: Many shops, a temple and an altar to Odin, some fountains. Level 6: Level 7: Game over: ---------- / \ / REST \ / IN \ / PEACE \ / \ | OhNoNotAgain | | 0 Au | | killed by a | | giant ant | | | | | | 2023 | *| * * * | * _________)/\\_//(\/(/\)/\//\/|_)_______ Farvel OhNoNotAgain the Valkyrie... You died in The Dungeons of Doom on dungeon level 6 with 8810 points, and 0 pieces of gold, after 5907 moves. You were level 8 with a maximum of 74 hit points when you died.